 Dungeon Crawl Stone Soup version 0.18-a0-1121-gb454403 (webtiles) character file.

20561 tof the Warrior (level 12, -6/121 HPs)
             Began as a Hill Orc Fighter on Jan 18, 2016.
             Was a High Priest of Beogh.
             Killed from afar by a deep elf annihilator (17 damage)
             ... with a bolt of lightning
             ... on level 12 of the Dungeon.
             The game lasted 00:56:49 (15165 turns).

tof the Warrior (Hill Orc Fighter)                 Turns: 15165, Time: 00:56:49

Health: -6/121     AC: 18    Str: 19 (20) XL:     12   Next: 80%
Magic:  12/12      EV: 19    Int:  8      God:    Beogh [*****.]
Gold:   832        SH:  0    Dex: 14      Spells: 0 memorised, 11 levels left

rFire  + + .     SeeInvis .     z - +2 dire flail (crush)
rCold  x . .     Gourm    .     k - +0 fire dragon armour
rNeg   . . .     Faith    .     (shield currently unavailable)
rPois  +         Spirit   .     n - +0 helmet
rElec  .         Dismiss  .     E - +2 cloak
rCorr  .         Reflect  .     (no gloves)
SustAt .         Harm     .     (no boots)
MR     .....     Rnd*Rage +     (no amulet)
Stlth  ..........               o - +5 ring of evasion
                                h - +3 ring of evasion

@: very slightly contaminated, not resistant to hostile enchantments, extremely
unstealthy
A: walk on water, repulsion field 1, berserk 3, deterioration 1, poison
resistance
a: Smiting, Recall Orcish Followers, Give Item to Named Follower, Renounce
Religion


You were on level 12 of the Dungeon.
You worshipped Beogh.
Beogh was extremely pleased with you.
You were very hungry.

You visited 3 branches of the dungeon, and saw 15 of its levels.

You collected 1283 gold pieces.
You spent 451 gold pieces at shops.

Inventory:

Hand Weapons
 a - a +0 flail
 g - a +1 spear of flaming
 u - a +2 flail of protection
 v - a +2 antimagic flail
 y - the +4 trident of Mandamus {drain, Str+3 Int-4 SInv Stlth+}
   (You found it on level 6 of the Dungeon)

   A truly terrible weapon, it drains the life of those it strikes.
   It affects your strength (+3).
   It affects your intelligence (-4).
   It lets you see invisible.
   It makes you more stealthy.
 z - a +2 dire flail of crushing (weapon)
 F - a +0 trident of protection
 H - a +2 glaive of venom
Missiles
 t - 35 poisoned needles
Armour
 c - a +0 shield
 k - a +0 fire dragon armour (worn)
 n - a +0 helmet (worn)
 E - a +2 cloak (worn)
Jewellery
 h - a +3 ring of evasion (left hand)
 o - a +5 ring of evasion (right hand)
Wands
 N - a wand of polymorph (5/24)
 Q - a wand of digging (10/24)
Scrolls
 b - 4 scrolls of fear
 j - 12 scrolls of identify
 m - 5 scrolls of remove curse
 r - a scroll of recharging
 K - 3 scrolls of teleportation
 R - a scroll of amnesia
Potions
 d - 3 potions of might
 e - 4 potions of lignification {unknown}
 l - 2 potions of heal wounds {unknown}
 q - 2 potions of poison {unknown}
 s - a potion of berserk rage {unknown}
 w - a potion of haste {unknown}
 B - a potion of invisibility {unknown}
 C - 3 potions of agility {unknown}
 D - 2 potions of magic {unknown}
 M - 4 potions of curing
 O - a potion of brilliance {unknown}
Books
 x - Ujyall's Catalogue of Ice
   (You found it on level 5 of the Dungeon)

   Spells                             Type                      Level
   a - Freeze                         Ice                          1
   b - Ensorcelled Hibernation        Hexes/Ice                    2
   c - Condensation Shield            Ice                          4
   d - Simulacrum                     Ice/Necromancy               6
   e - Ozocubu's Refrigeration        Ice                          6
 A - a book of Cantrips

   Spells                             Type                      Level
   a - Corona                         Hexes                        1
   b - Animate Skeleton               Necromancy                   1
   c - Summon Small Mammal            Summoning                    1
   d - Apportation                    Translocation                1
 J - a book of Conjurations

   Spells                             Type                      Level
   a - Magic Dart                     Conjuration                  1
   b - Searing Ray                    Conjuration                  2
   c - Dazzling Spray                 Conjuration/Hexes            3
   d - Fulminant Prism                Conjuration/Hexes            4
   e - Iskenderun's Mystic Blast      Conjuration                  4
   f - Iskenderun's Battlesphere      Conjuration/Charms           5
 L - a book of Death

   Spells                             Type                      Level
   a - Corpse Rot                     Necromancy                   2
   b - Sublimation of Blood           Necromancy                   2
   c - Agony                          Necromancy                   5
   d - Dispel Undead                  Necromancy                   5
   e - Excruciating Wounds            Charms/Necromancy            5
   f - Bolt of Draining               Conjuration/Necromancy       5
Miscellaneous
 P - a plain deck of wonders
Comestibles
 f - 9 bread rations
 i - 8 beef jerkies
 G - 4 fruits
 I - a meat ration


   Skills:
 * Level 15.4 Fighting
 * Level 10.5 Maces & Flails
 - Level 10.0 Polearms
 + Level 10.8 Armour
 - Level 0.1 Dodging
 - Level 3.4 Shields


You had 11 spell levels left.
You didn't know any spells.

Dungeon Overview and Level Annotations

Branches:
Dungeon (12/15)            Temple (0/1) D:4            Lair (0/8) D:9
    Orc (2/2) D:9             Elf (1/3) Orc:2

Altars:
Dithmenos
Elyvilon
Fedhas
Gozag
Makhleb
Nemelex Xobeh
Pakellas
Qazlal
Ru
Yredelemnul
The Shining One
Beogh

Shops:
D:7 *   D:8 *   D:9 *   D:11 (   Orc:2 *[*!

Annotations:
Elf:1 Aizul


Innate Abilities, Weirdness & Mutations

You can walk on water.
You are surrounded by a mild repulsion field (EV +2).
You have an uncontrollable temper.
Your body sometimes deteriorates upon taking damage.
Your system is resistant to poisons.


Message History

The yaktaur captain shoots a bolt.
The bolt hits your orc!!
Your orc dies!
The tengu reaver hits you with a battleaxe of electrocution!!
* * * LOW HITPOINT WARNING * * *
Your body deteriorates!
You feel weakened.
You are electrocuted!
* * * LOW HITPOINT WARNING * * *
The tengu reaver pecks you but does no damage.
The tengu reaver barely misses you.
The deep elf annihilator hits you but does no damage.
Read which item? (? for menu, Esc to quit)
Blink to where?
Press: ? - help, Dir - move target cursor You are very lightly contaminated with residual magic.
As you read the scroll of blinking, it crumbles to dust.
Read which item? (? for menu, Esc to quit)
Okay, then.
The deep elf annihilator points at you and mumbles some strange words.
The bolt of lightning hits you!
You die...

##.# #..#
#####+#########'#######
#........##...........#
#........##.....(.....#
#........##...........#
#........##...........#
#.........#..o........#
#.....@...#....<......'
#####'###.#...........#
#.# #..........)..# #.#
###.......))..# ###e###
#########.### #...*Q#
#####..###
#)###().[#...........
####'##..#c)#.#######.#.
#........#.=# #.#.


You could see a deep elf annihilator.

Vanquished Creatures
  The ghost of ater218 the Spear-Bearer, a journeyman MiBe of Trog (D:11)
  Harold (D:10)
  An unseen horror (D:11)
  4 hill giants
  An orc knight (Orc:1)
  The ghost of PinkishYellow the Cleaver, a novice MiBe of Trog (D:5)
  Psyche (D:10)
  A komodo dragon (D:12)
  4 trolls
  6 two-headed ogres
  Sigmund (D:5)
  A wraith (D:12)
  A wyvern (D:8)
  2 yaks (D:10)
  The ghost of tof the Skirmisher, an amateur MiFi (D:4)
  Eustachio (D:6)
  6 hippogriffs
  A hungry ghost (D:8)
  Menkaure (D:6)
  A mottled dragon (D:11)
  A steam dragon (D:8)
  3 sky beasts
  A black bear (D:8)
  5 ice beasts
  15 ogres
  5 orc warriors
  3 phantoms
  10 centaurs
  Blork the orc (D:5)
  2 big kobolds
  6 giant frogs
  A wyvern skeleton (D:9)
  5 scorpions
  4 killer bees (D:9)
  2 centaur zombies
  3 crimson imps
  A quasit (D:8)
  3 jellies
  2 centaur skeletons
  A giant frog zombie (D:7)
  5 orc priests
  2 giant frog skeletons
  2 hounds
  6 orc wizards
  3 iguanas
  8 worker ants
  A killer bee zombie (D:6)
  A hound zombie (D:8)
  3 hound skeletons
  A worker ant zombie (D:7)
  Robin (D:4)
  4 gnolls (D:4)
  12 adders
  2 shadow imps
  An ooze (D:5)
  3 adder skeletons
  2 worms
  6 giant geckos
  19 orcs
  4 giant cockroaches
  3 hobgoblins
  14 jackals
  14 kobolds
  15 quokkas
  A ball python (D:3)
  7 bats
  2 giant newts
  20 goblins
  A quokka skeleton (D:5)
  9 rats
283 creatures vanquished.

Vanquished Creatures (collateral kills)
  Maud (D:11)
  4 ogre magi
  2 hill giants
  A troll (Orc:2)
  8 two-headed ogres
  A yak (D:10)
  2 orc warriors (Orc:1)
  A phantom (D:10)
  2 centaurs (D:11)
  25 ogres
  A scorpion (D:11)
  A giant frog skeleton (D:9)
  2 orc priests
  6 orc wizards
  6 orcs
  A giant gecko (D:11)
  A jackal (D:11)
  2 kobolds (D:10)
67 creatures vanquished.

Vanquished Creatures (others)
  An orc knight (Elf:1)
  5 orc warriors
  4 orc priests
  2 orc wizards
  An adder (D:10)
  28 orcs
  A jackal (D:4)
  A quokka (D:4)
43 creatures vanquished.

Grand Total: 393 creatures vanquished

Notes
Turn   | Place    | Note
--------------------------------------------------------------
     0 | D:1      | tof the Hill Orc Fighter began the quest for the Orb.
     0 | D:1      | Reached XP level 1. HP: 19/19 MP: 1/1
   308 | D:1      | Reached XP level 2. HP: 22/27 MP: 2/2
  1188 | D:2      | Reached skill level 4 in Fighting
  1351 | D:2      | Reached XP level 3. HP: 12/33 MP: 3/3
  1684 | D:2      | Reached skill level 1 in Polearms
  2181 | D:2      | Reached XP level 4. HP: 33/41 MP: 4/4
  2736 | D:3      | Found a stormy altar of Qazlal.
  2801 | D:3      | Found an opulent altar of Gozag.
  3321 | D:4      | Found a blossoming altar of Fedhas.
  3321 | D:4      | Noticed tof's ghost (amateur MiFi)
  3371 | D:3      | Reached skill level 5 in Fighting
  3371 | D:3      | Reached XP level 5. HP: 16/48 MP: 5/5
  3870 | D:4      | Became a worshipper of Beogh the Brigand
  4001 | D:4      | Killed tof's ghost
  4001 | D:4      | Reached XP level 6. HP: 27/57 MP: 6/6
  4057 | D:4      | Found a staircase to the Ecumenical Temple.
  4062 | D:4      | Found a sparkling altar of Nemelex Xobeh.
  4081 | D:4      | Noticed Robin
  4108 | D:4      | Reached skill level 6 in Fighting
  4171 | D:4      | Killed Robin
  4270 | D:4      | Reached * piety under Beogh
  4612 | D:4      | Reached XP level 7. HP: 52/64 MP: 7/7
  5124 | D:5      | Entered Level 5 of the Dungeon
  5129 | D:5      | Reached skill level 5 in Maces & Flails
  5262 | D:5      | Noticed PinkishYellow's ghost (novice MiBe)
  5265 | D:5      | Reached skill level 7 in Fighting
  5293 | D:5      | Killed PinkishYellow's ghost
  5293 | D:5      | Reached skill level 5 in Armour
  5293 | D:5      | Reached XP level 8. HP: 48/74 MP: 8/8
  5602 | D:4      | Reached skill level 8 in Fighting
  5643 | D:5      | Noticed Blork the orc
  5666 | D:5      | Killed Blork the orc
  6060 | D:5      | Gained mutation: You are surrounded by a mild repulsion field (EV +2). [mutagenic meat]
  6062 | D:5      | Gained mutation: You tend to lose your temper in combat. [mutagenic meat]
  6063 | D:5      | Gained mutation: Your system is resistant to poisons. [mutagenic meat]
  6154 | D:5      | Identified Ujyall's Catalogue of Ice (You found it on level 5 of the Dungeon)
  6198 | D:5      | Noticed Sigmund
  6272 | D:4      | Reached skill level 9 in Fighting
  6408 | D:4      | Reached XP level 9. HP: 75/83 MP: 9/9
  6452 | D:5      | Killed Sigmund
  6452 | D:5      | Reached ** piety under Beogh
  6841 | D:6      | Got a crude trident
  6842 | D:6      | Identified the +4 trident of Mandamus {drain, Str+3 Int-4 SInv Stlth+} (You found it on level 6 of the Dungeon)
  7006 | D:6      | Found a burning altar of Makhleb.
  7113 | D:6      | Reached skill level 10 in Fighting
  7188 | D:6      | Found an oddly glowing altar of Pakellas.
  7208 | D:6      | Noticed Eustachio
  7214 | D:6      | Noticed Menkaure
  7225 | D:6      | Killed Eustachio
  7232 | D:6      | Killed Menkaure
  7823 | D:7      | Reached skill level 5 in Polearms
  8249 | D:7      | Found Uxzimi's Assorted Antiques.
  8567 | D:8      | Reached XP level 10. HP: 94/94 MP: 10/10
  8595 | D:8      | Reached *** piety under Beogh
  8673 | D:8      | Reached skill level 11 in Fighting
  9026 | D:8      | Found a basalt altar of Yredelemnul.
  9079 | D:8      | Found Tacvek's Assorted Antiques.
  9571 | D:9      | Found a staircase to the Lair.
  9677 | D:9      | Found a glowing golden altar of the Shining One.
  9679 | D:9      | Found a sacrificial altar of Ru.
  9729 | D:9      | Found a staircase to the Orcish Mines.
  9734 | Orc:1    | Entered Level 1 of the Orcish Mines
  9737 | Orc:1    | Gained Arbeogh as an ally
  9892 | Orc:1    | Reached **** piety under Beogh
  9893 | Orc:1    | Noticed an orc knight
  9895 | Orc:1    | Your ally Arbeogh died
  9896 | Orc:1    | Reached skill level 12 in Fighting
 10325 | Orc:2    | Entered Level 2 of the Orcish Mines
 10325 | Orc:2    | Found a staircase to the Elven Halls.
 10370 | Orc:2    | Noticed an ogre mage
 10387 | Orc:2    | Noticed an ogre mage
 10389 | Orc:2    | Noticed an ogre mage
 10406 | Orc:1    | Killed an ogre mage
 10406 | Orc:1    | Reached XP level 11. HP: 43/105 MP: 11/11
 10754 | Orc:2    | Killed an ogre mage
 10754 | Orc:2    | Gained Orik as an ally
 10758 | Orc:2    | Noticed an ogre mage
 10759 | Orc:2    | Reached skill level 13 in Fighting
 10768 | Orc:2    | Killed an ogre mage
 10784 | Orc:2    | Reached ***** piety under Beogh
 10788 | Orc:2    | Killed an ogre mage
 10999 | Orc:1    | HP: 1/107 [two-headed ogre/giant spiked club (11)]
 11437 | D:9      | Noticed a hill giant
 11439 | D:9      | HP: 1/107 [hill giant/giant club (16)]
 12228 | D:9      | Found a shadowy altar of Dithmenos.
 12249 | D:9      | Found Serapp's General Store.
 12360 | D:9      | Gained Oruk as an ally
 12537 | Orc:2    | Reached skill level 10 in Polearms
 12578 | Orc:2    | Found a roughly hewn altar of Beogh.
 12831 | Orc:2    | Reached skill level 14 in Fighting
 12919 | Orc:2    | Found Boboesatza's General Store.
 12919 | Orc:2    | Found Ceibe's General Store.
 12920 | Orc:2    | Found Isunuoc's Armour Boutique.
 12920 | Orc:2    | Found Afes's Distillery.
 12929 | Orc:2    | Bought a potion of beneficial mutation for 385 gold pieces
 12929 | Orc:2    | Bought a potion of curing for 33 gold pieces
 12929 | Orc:2    | Bought a potion of curing for 33 gold pieces
 12930 | Orc:2    | Gained mutation: You are resistant to hostile enchantments. [potion of beneficial mutation]
 13050 | Elf:1    | Entered Level 1 of the Elven Halls
 13050 | Elf:1    | Noticed a deep elf mage
 13050 | Elf:1    | Noticed a deep elf mage
 13050 | Elf:1    | Noticed a deep elf mage
 13050 | Elf:1    | Noticed Aizul
 13056 | Elf:1    | Your ally Orik died
 13393 | D:10     | Entered Level 10 of the Dungeon
 13397 | D:10     | Noticed Psyche
 13407 | D:10     | Killed Psyche
 13557 | D:10     | Reached skill level 10 in Armour
 13557 | D:10     | Reached XP level 12. HP: 117/117 MP: 12/12
 13865 | D:10     | Noticed Harold
 13880 | D:10     | Killed Harold
 14028 | D:10     | Found a white marble altar of Elyvilon.
 14116 | D:11     | Noticed ater218's ghost (journeyman MiBe)
 14125 | D:11     | Killed ater218's ghost
 14294 | D:11     | Found Popsi's Weapon Emporium.
 14301 | D:11     | Reached skill level 15 in Fighting
 14382 | D:11     | Reached skill level 10 in Maces & Flails
 14404 | D:11     | Noticed Maud
 14417 | D:11     | Killed Maud
 15116 | D:12     | Noticed a yaktaur captain
 15117 | D:12     | Found a runed door.
 15117 | D:12     | Noticed a deep elf annihilator
 15118 | D:12     | Noticed a tengu reaver
 15147 | D:12     | Gained mutation: Your body sometimes deteriorates upon taking damage. [mutagenic meat]
 15148 | D:12     | Lost mutation: You are resistant to hostile enchantments. [mutagenic meat]
 15149 | D:12     | Gained mutation: You often lose your temper in combat. [mutagenic meat]
 15150 | D:12     | Gained mutation: You have an uncontrollable temper. [mutagenic meat]
 15165 | D:12     | Killed from afar by a deep elf annihilator

Vault maps used:
D:1:      lemuel_arrival_behind_the_door_large, corexii_leaking_fountain,
          minmay_misc_feat_hallway, dk_noncrumbling_3
D:2:      first_bread
D:3:      lemuel_coloured_pillars_altar, nicolae_gozag_seed_capital
D:4:      nemelex_deck, overflow_temple_1_default, temple_fountains,
          nicolae_ossuary_entry_monument, uniq_robin
D:5:      uniq_sigmund, uniq_blork_the_orc
D:6:      lemuel_crystal_altar, grunt_pakellas_mercury, uniq_eustachio,
          uniq_menkaure
D:7:      serial_shops, shop, grunt_ogre_cave
D:8:      lemuel_round_altar, serial_shops, nicolae_shop_stone
D:9:      nicolae_overflow_hidden_temple, lair_0_dummy, orc_0_dummy,
          serial_shops, nicolae_shop_statue_plus, basic_altar,
          hangedman_decor_slide_cut
D:10:     roderic_serpentine_path, elyvilon_altar_1, uniq_psyche, uniq_harold
D:11:     serial_shops, nicolae_shop_stone, uniq_maud
D:12:     kennysheep_treasure_room
Orc:1:    nicolae_orc_rockfall
Orc:2:    st_orc_ogre_mass, basic_altar
Elf:1:    eino_elf_arrival_sip, minivault_28, uniq_aizul

Action                   |  1- 3 |  4- 6 |  7- 9 | 10-12 || total
-------------------------+-------+-------+-------+-------++-------
Melee: Flail             |    50 |   111 |   237 |       ||   398
       Spear             |    77 |   137 |       |       ||   214
       Trident           |       |       |   136 |    87 ||   223
       Glaive            |       |       |       |    94 ||    94
       Dire flail        |       |       |       |   359 ||   359
Invok: Convert to Beogh  |       |     1 |       |       ||     1
  Use: Scroll            |       |     7 |     5 |     2 ||    14
       Potion            |       |       |       |     1 ||     1
 Stab: Distracted        |       |       |       |     3 ||     3
  Eat: Chunk             |     3 |     8 |    18 |    21 ||    50
       Beef jerky        |       |     1 |       |       ||     1
       Bread ration      |       |       |       |     2 ||     2
       Fruit             |       |       |       |     1 ||     1
